 Dungeon Crawl Stone Soup version 0.30-a0-802-gb92711bcdf (webtiles) character file.

Game seed: 13910210929074419913

9309 NinjaNoafa the Spear-Bearer (level 11, -1/89 HPs)
             Began as a Hill Orc Monk on Feb 24, 2023.
             Was a High Priest of Hepliaklqana.
             Slain by a black mamba (10 damage)
             ... on level 2 of the Lair of Beasts.
             The game lasted 00:29:31 (7911 turns).

NinjaNoafa the Spear-Bearer (Hill Orc Monk)         Turns: 7911, Time: 00:29:32

Health: -1/89      AC: 18    Str: 25    XL:     11   Next: 44%
Magic:  17/17      EV:  8    Int: 10    God:    Hepliaklqana [*****.]
Gold:   501        SH:  0    Dex: 19    Spells: 10/10 levels left

rFire   . . .      SeeInvis .    a - +0 glaive
rCold   . . .      Faith    +    (shield currently unavailable)
rNeg    . . .      Spirit   .    s - +0 plate armour
rPois   .          Reflect  .    e - +0 helmet
rElec   .          Harm     .    S - scarf {repulsion}
rCorr   .          Rampage  .    Q - +0 pair of gloves
Will    .....                    E - +1 pair of boots Stlth
                                 G - amulet of faith
HPRegen 0.34/turn                C - +6 ring of strength
MPRegen 0.15/turn                I - +6 ring of dexterity

@: repel missiles
A: reduced essence
a: Renounce Religion, Recall Ancestor, Ancestor Identity, Transference, Idealise


You were on level 2 of the Lair of Beasts.
You worshipped Hepliaklqana.
Hepliaklqana was extremely pleased with you.
You visited 3 branches of the dungeon, and saw 13 of its levels.
You also visited: Ossuary.

You collected 501 gold pieces.

Inventory:

Hand Weapons
 a - a +0 glaive (weapon)
 b - a +2 trident of flaming
 c - a +1 trident of venom
Missiles
 l - 2 atropa-tipped darts (quivered)
 o - a curare-tipped dart
 u - 2 throwing nets
 F - 15 poisoned darts
Armour
 e - a +0 helmet (worn)
 s - a +0 plate armour (worn)
 E - a +1 pair of boots (worn)
 O - a +0 cloak of willpower
 Q - a +0 pair of gloves (worn)
 S - a scarf of repulsion (worn)
Jewellery
 r - a ring of poison resistance
 C - a +6 ring of strength (left hand)
 G - an amulet of faith (around neck)
 I - a +6 ring of dexterity (right hand)
 J - a ring of wizardry
Wands
 L - a wand of flame (20)
 M - a wand of paralysis (5)
 N - a wand of mindburst (3)
 P - a wand of polymorph (3)
Scrolls
 d - a scroll of teleportation {unknown}
 k - a scroll of torment
 m - a scroll of enchant weapon {unknown}
 n - a scroll of enchant armour
 w - 3 scrolls of magic mapping
 x - a scroll of fog
 y - 2 scrolls of fear {unknown}
 z - a scroll of blinking {unknown}
 A - a scroll of vulnerability {unknown}
 H - a scroll of immolation {unknown}
 K - a scroll of noise
Potions
 f - 2 potions of might {unknown}
 g - 3 potions of attraction
 h - 4 potions of mutation
 i - 2 potions of cancellation
 j - a potion of haste {unknown}
 p - 2 potions of magic
 q - a potion of curing
 t - 3 potions of heal wounds {unknown}
 v - 3 potions of lignification
 B - a potion of invisibility {unknown}
 D - 2 potions of berserk rage
 R - a potion of brilliance {unknown}


   Skills:
 + Level 9.9 Fighting
 + Level 13.2 Polearms
 - Level 8.0 Armour
 - Level 2.4 Dodging
 - Level 1.5 Stealth
 - Level 4.0 Shields
 + Level 8.5 Invocations


You had 10 spell levels left.
You didn't know any spells.
Your spell library contained the following spells:

 Spells                   Type           Power      Damage    Failure   Level
 Cigotuvi's Dreadful Rot  Necr/Pois/Air  0%         N/A       100%        2
 Ensorcelled Hibernation  Hex/Ice        0%         N/A       100%        2
 Passwall                 Tmut/Erth      0%         N/A       100%        2
 Poisonous Vapours        Pois/Air       0%         N/A       100%        2
 Dazzling Flash           Conj/Hex       0%         N/A       100%        3
 Inner Flame              Hex/Fire       0%         N/A       100%        3
 Mephitic Cloud           Conj/Pois/Air  0%         N/A       100%        3
 Swiftness                Air            0%         N/A       100%        3
 Cause Fear               Hex            0%         N/A       100%        4
 Petrify                  Tmut/Erth      0%         N/A       100%        4
 Agony                    Necr           0%         N/A       100%        5
 Iskenderun's Battlesphe  Conj           0%         2d6       100%        5
 Metabolic Englaciation   Hex/Ice        0%         N/A       100%        5
 Silence                  Hex/Air        0%         N/A       100%        5
 Iron Shot                Conj/Erth      0%         9d1       100%        6
 Statue Form              Tmut/Erth      0%         N/A       100%        6
 Spellforged Servitor     Conj/Summ      0%         N/A       100%        7
 Discord                  Hex            0%         N/A       100%        8


Dungeon Overview and Level Annotations

Branches:
Dungeon (10/15)            Temple (1/1) D:7            Lair (2/5) D:9
Ossuary (visited)
  Swamp: Lair:2-3    Shoals: Lair:2-3     Snake: Lair:2-3    Spider: Lair:2-3
    Orc: D:9-12

Altars:
Ashenzari
Dithmenos
Elyvilon
Fedhas
Gozag
Hepliaklqana
Kikubaaqudgha
Makhleb
Nemelex Xobeh
Okawaru
Qazlal
Ru
Sif Muna
Trog
Vehumet
Wu Jian
Xom
Yredelemnul
The Shining One

Annotations:
Lair:2 Maggie


Message History

Maggie casts a spell.
Maggie attempts to bespell you!
You are mesmerised by Maggie!
The black mamba bites you.
* * * LOW HITPOINT WARNING * * *
You are poisoned.
The black mamba poisons you!
The black mamba bites you but does no damage.
As you read the scroll labelled KOKIEVUSAMU, it crumbles to dust.
The scroll dissolves into smoke.
It was a scroll of fog.
You are no longer entranced.
You feel very sick. The black mamba bites you.
* * * LOW HITPOINT WARNING * * *
The black mamba bites you!
* * * LOW HITPOINT WARNING * * *
The black mamba closely misses you. The black mamba bites you.
* * * LOW HITPOINT WARNING * * *
You feel better. The black mamba barely misses you. x2
The black mamba completely misses you. The black mamba bites you!
* * * LOW HITPOINT WARNING * * *
The water moccasin bites you but does no damage.
Okay, then.
As you read the scroll labelled YWOUSTRESONAE, it crumbles to dust.
It is a scroll of enchant armour.
Your +0 pair of boots glows green for a moment.
The black mamba bites you but does no damage.
The black mamba barely misses you.
The water moccasin bites you but does no damage.
The black mamba barely misses you.
The black mamba bites you but does no damage.
As you read the scroll labelled EMOIPR MULAI, it crumbles to dust.
Your body is wracked with pain!
* * * LOW HITPOINT WARNING * * *
The black mamba convulses!
The water moccasin convulses!
The black mamba convulses!
The water moccasin convulses! x2; Maggie convulses!
It was a scroll of torment.
The black mamba bites you but does no damage.
The black mamba bites you!
You die...

.........#####
...............
.##............
##........... #
#........... ... #####
#.....######
.....##§S§####.....##P#.#
#.@@SS§§.##.....##....
#...#@S§.##...........
##.S#§##.P#.....##....
##..###..........P....
#..P####..............
.#####P...#..#.......##....
.................††..##.#..
.....................##^.P.
...........................
...........................


You could see Maggie, 2 black mambas and 2 water moccasins.

Vanquished Creatures
  Maurice (D:9)
  A black mamba (Lair:2)
  A gargoyle (D:8)
  3 komodo dragons
  2 trolls
  A blink frog (Lair:1)
  A basilisk (Lair:2)
  3 fire bats (D:9)
  A steam dragon (D:9)
  2 acid dragons
  3 water moccasins
  2 ice beasts
  3 orc warriors
  2 sky beasts
  3 black bears
  An ogre (D:4)
  3 centaurs
  2 phantoms (D:5)
  A kobold brigand (D:9)
  An elf zombie (Ossuary)
  7 bullfrogs
  5 scorpions
  6 wights (D:8)
  3 killer bees (D:9)
  2 lava snakes (D:9)
  2 jellies
  6 hounds
  A human zombie (Ossuary)
  3 orc priests
  Jessica (D:2)
  3 iguanas
  2 orc wizards
  2 mummies (Ossuary)
  Robin (D:2)
  5 gnolls
  6 adders
  An ufetubus (D:5)
  An adder zombie (Ossuary)
  2 worms
  2 dart slugs (D:1)
  21 orcs
  8 ball pythons
  7 endoplasms
  2 giant cockroaches
  17 goblins
  6 hobgoblins
  11 kobolds
  5 quokkas
  6 bats
  5 frilled lizards
  3 goblin zombies (Ossuary)
  11 hobgoblin zombies (Ossuary)
  A jackal zombie (Ossuary)
  11 kobold zombies (Ossuary)
  8 orc zombies (Ossuary)
  A quokka zombie (D:4)
  3 rats
  A rat zombie (D:4)
  A butterfly (D:7)
  A fire vortex (D:9)
227 creatures vanquished.

Vanquished Creatures (collateral kills)
  A black mamba (Lair:2)
  2 komodo dragons (Lair:1)
  3 blink frogs (Lair:1)
  A fire bat (D:9)
  A wyvern (D:9)
  A hell hound (D:9)
  2 black bears (D:9)
  A bullfrog (Lair:1)
  2 wights (D:8)
  A killer bee (D:9)
  A howler monkey (D:8)
  An orc priest (D:9)
  A gnoll (D:7)
  2 white imps (D:7)
  2 kobolds (D:9)
  A butterfly (D:7)
23 creatures vanquished.

Vanquished Creatures (others)
  4 knights
  2 fire vortices (D:9)
  7 fungi
  16 plants
29 creatures vanquished.

Grand Total: 279 creatures vanquished

Notes
Turn   | Place    | Note
-------+----------+-------------------------------------------
     0 | D:1      | NinjaNoafa the Hill Orc Monk began the quest for the Orb.
     0 | D:1      | Reached XP level 1. HP: 19/19 MP: 1/1
   146 | D:1      | Reached XP level 2. HP: 19/26 MP: 2/2
   154 | D:1      | Reached skill level 4 in Polearms
   653 | D:1      | Reached XP level 3. HP: 31/31 MP: 3/3
   823 | D:2      | Noticed Robin
  1000 | D:2      | Reached skill level 5 in Polearms
  1129 | D:2      | Reached XP level 4. HP: 32/39 MP: 4/4
  1167 | D:2      | Noticed Jessica
  1180 | D:2      | Killed Jessica
  1251 | D:2      | Found a faded altar of an unknown god.
  1349 | D:2      | Killed Robin
  1607 | D:3      | Noticed a scorpion
  1660 | D:3      | Reached skill level 6 in Polearms
  1675 | D:3      | Reached XP level 5. HP: 45/45 MP: 5/5
  1731 | D:3      | Noticed an orc warrior
  1777 | D:3      | Killed an orc warrior
  1778 | D:3      | Reached skill level 7 in Polearms
  1778 | D:3      | Reached XP level 6. HP: 18/51 MP: 6/6
  1925 | D:3      | Found a sacrificial altar of Ru.
  2289 | D:4      | Reached skill level 1 in Armour
  2364 | D:4      | Found a sand-covered staircase.
  2376 | Ossuary  | Entered an ossuary
  2530 | Ossuary  | Reached skill level 1 in Shields
  2530 | Ossuary  | Reached XP level 7. HP: 37/59 MP: 7/7
  2579 | Ossuary  | Reached skill level 8 in Polearms
  3163 | D:5      | Entered Level 5 of the Dungeon
  3247 | D:5      | Reached skill level 5 in Fighting
  3247 | D:5      | Reached XP level 8. HP: 66/68 MP: 8/8
  3963 | D:6      | Reached skill level 9 in Polearms
  4139 | D:6      | Found a broken altar of Ashenzari.
  4209 | D:6      | Reached skill level 5 in Armour
  4256 | D:6      | Reached XP level 9. HP: 75/75 MP: 9/9
  4320 | D:6      | Found a white marble altar of Elyvilon.
  4472 | D:6      | Reached skill level 10 in Polearms
  4567 | D:7      | Found a staircase to the Ecumenical Temple.
  4576 | Temple   | Entered the Ecumenical Temple
  4582 | Temple   | Became a worshipper of Hepliaklqana the Forgotten
  4582 | Temple   | Reached * piety under Hepliaklqana
  4582 | Temple   | Reached ** piety under Hepliaklqana
  4795 | D:3      | Remembered your ancestor IguanaIguana as a knight
  5102 | D:7      | Noticed a troll
  5110 | D:7      | Killed a troll
  5111 | D:7      | Reached skill level 11 in Polearms
  5367 | D:8      | Found a basalt altar of Yredelemnul.
  5395 | D:8      | Reached skill level 1 in Invocations
  5620 | D:8      | Found a shadowy altar of Dithmenos.
  5650 | D:8      | Reached XP level 10. HP: 66/75 MP: 12/12
  5716 | D:8      | Noticed a gargoyle
  5725 | D:8      | Killed a gargoyle
  5745 | D:8      | Reached *** piety under Hepliaklqana
  5762 | D:8      | Found a burning altar of Makhleb.
  6131 | D:9      | Noticed Maurice
  6153 | D:9      | Killed Maurice
  6154 | D:9      | Reached skill level 12 in Polearms
  6154 | D:9      | Reached skill level 5 in Invocations
  6348 | D:9      | Reached **** piety under Hepliaklqana
  6643 | D:9      | Found a staircase to the Lair.
  6832 | D:10     | Entered Level 10 of the Dungeon
  6842 | D:10     | Noticed a cyclops
  6842 | D:10     | Noticed a deep elf pyromancer
  6869 | Lair:1   | Entered Level 1 of the Lair of Beasts
  6889 | Lair:1   | Reached XP level 11. HP: 51/85 MP: 16/16
  7208 | Lair:1   | Found a shimmering altar of Xom.
  7568 | Lair:1   | Reached skill level 13 in Polearms
  7656 | Lair:2   | Reached ***** piety under Hepliaklqana
  7889 | Lair:2   | Noticed Maggie
  7911 | Lair:2   | Slain by a black mamba

Illustrated notes

Levels and vault maps discovered:
D:1:      lightli_iron_boxes, layout_basic, serial_curves, eino_curves_01,
          eino_curves_04, eino_curves_03, hex_tiny
D:2:      layout_rooms, hellmonk_ecumenical_altar_zigzags, minmay_tetromino_l2,
          uniq_robin, uniq_jessica
D:3:      layout_rooms, mainiacjoe_overflow_tiny_flanked, hex_intersection,
          serial_bayou_lake_a
D:4:      layout_basic, enter_ossuary_4
D:5:      layout_loops_cross, st_stairs_12
D:6:      layout_basic, marbit_many_paths, nicolae_elyvilon_peaceful_grove,
          serial_glass, glass_columns_a, glass_columns_b, glass_columns_c,
          glass_columns_b, glass_columns_c, glass_columns_a, kennysheep_path_1,
          grunt_ministairs_10
D:7:      layout_rooms, minmay_temple_entry_butterflies
D:8:      layout_basic, lemuel_tele_altar, overflow_temple_1_default,
          nicolae_dithmenos_shadow_blocks
D:9:      layout_roguey, grunt_lair_entry_orc_guard_hut, hangedman_incinerator,
          uniq_maurice
D:10:     minmay_diamond_stairs, layout_loops_corners,
          mainiacjoe_overflow_six_doors_small, nicolae_uskayaw_dance_studio,
          overflow_temple_1_default, david_orc_3, gammafunk_ghost_smash,
          uniq_sonja
Temple:   dshaligram_water_room_temple
Lair:1:   layout_roguey, basic_altar
Lair:2:   gammafunk_boulding_lane, layout_regular_city,
          nicolae_swamp_entry_spooky, minmay_snake_entry_six_corridors,
          uniq_maggie

Skill      XL: |  1  2  3  4  5  6  7  8  9 10 11 |
---------------+----------------------------------+-----
Polearms       | 4 5 6 7 8 9 11 12 13 | 13.2
Fighting       | 4 5 6 8 9 |  9.9
Armour         | 1 2 5 6 8 |  8.0
Shields        | 1 3 4 |  4.0
Invocations    | 3 6 8 |  8.5
Dodging        | |  2.4
Stealth        | |  1.5

Action                     |  1- 3 |  4- 6 |  7- 9 | 10-12 || total
---------------------------+-------+-------+-------+-------++-------
  Melee: Spear             |   166 |    33 |       |       ||   199
         Punch             |     2 |       |       |       ||     2
         Trident           |       |   178 |   308 |    86 ||   572
         Glaive            |       |       |       |    78 ||    78
  Throw: Dart              |       |     2 |       |       ||     2
 Invoke: Ancestor Life: Kn |       |       |     1 |       ||     1
         Ancestor Identity |       |       |     1 |       ||     1
    Use: Potion            |     1 |     1 |       |     2 ||     4
         Scroll            |       |       |     6 |     6 ||    12
   Stab: Sleeping          |     4 |     1 |       |       ||     5
         Invisible         |       |     1 |       |       ||     1
         Distracted        |       |       |     1 |     2 ||     3
 Armour: Robe              |     9 |       |       |       ||     9
         Leather armour    |    67 |    15 |       |       ||    82
         Chain mail        |       |     9 |       |       ||     9
         Plate armour      |       |    53 |   137 |    74 ||   264
  Dodge: Dodged            |   136 |    45 |    45 |    51 ||   277
  Block: Buckler           |       |    12 |    50 |     9 ||    71

Table legend: (Time is in decaauts)
 A = Elapsed time spent in this place.
 B = Non-inter-level travel time spent in this place.
 C = Inter-level travel time spent in this place.
 D = Time resting spent in this place.
 E = Time spent auto-exploring this place.
 F = Levels seen in this place.
 G = Mean time per level.
                   A        B        C        D        E       F      G
               +--------+--------+--------+--------+--------+-----+--------+
         Total |   7855 |   6394 |   1461 |      0 |   2043 |  14 |  561.1 |
       Dungeon |   6444 |   5103 |   1341 |      0 |   1448 |  10 |  644.4 |
        Temple |     95 |     74 |     21 |      0 |     58 |   1 |   95.0 |
          Lair |   1044 |    945 |     99 |      0 |    484 |   2 |  522.0 |
       Ossuary |    270 |    270 |      0 |      0 |     53 |   1 |  270.0 |
               +--------+--------+--------+--------+--------+-----+--------+

Top non-repeatable levels by time:
     D:1: 891 daAuts
  Lair:1: 779 daAuts
     D:8: 742 daAuts
     D:9: 742 daAuts
     D:2: 732 daAuts
     D:6: 728 daAuts
     D:5: 727 daAuts
     D:4: 683 daAuts
     D:3: 681 daAuts
     D:7: 491 daAuts
 Ossuary: 270 daAuts
  Lair:2: 264 daAuts
  Temple: 95 daAuts
    D:10: 22 daAuts
